AoeStats
← lSLIPPYl

Arabia

506029937Analyzed
2v2 RM · 21d ago on Sep 12, 2026· 78m 41s· 4 players
Game mode
Random Map
Map size
Medium (4 player)
Population
200
Speed
Normal
Resources
Standard
Victory
Conquest
Starting age
Dark Age
Ending age
Imperial Age
RankedLock teamsTeams togetherTeam positionsShared explorationLock speedFull tech treeHidden civsTurbo modeCheats
Victory
Defeat
🇧🇷 Franks · Brazil
673
+17
🇧🇷 Teutons · Brazil
670
+16
🇺🇸 Vietnamese · United States
698
-17
🇺🇸 Teutons · United States
673
-16
jonas
10:52 Feudal Age
11:26 Double-Bit Axe
11:32 Horse Collar
12:56 Gold Mining
20:14 Castle Age
18:32 Scale Mail Armor
18:21 Man-at-Arms
19:43 Stone Mining
20:41 Forging
20:33 Long Swordsman
21:06 Gambesons
22:05 Bow Saw
23:41 Scale Barding Armor
25:33 Wheelbarrow
27:29 Chain Barding Armor
38:06 Imperial Age
36:43 Bloodlines
37:19 Pikeman
39:49 Two-Handed Swordsman
41:53 Hand Cart
51:11 Chemistry
51:09 Squires
51:47 Champion
52:46 Chain Mail Armor
53:07 Iron Casting
53:14 Elite Teutonic Knight
55:46 Halberdier
61:16 Plate Mail Armor
61:47 Blast Furnace
61:40 Cavalier
65:16 Two-Man Saw
65:04 Plate Barding Armor
66:04 Loom
viniciussantos.dev
13:02 Feudal Age
11:28 Loom
13:50 Double-Bit Axe
19:36 Scale Mail Armor
22:18 Scale Barding Armor
23:03 Man-at-Arms
27:15 Castle Age
29:19 Pikeman
30:20 Light Cavalry
35:38 Wheelbarrow
35:23 Bow Saw
43:45 Imperial Age
51:44 Elite Skirmisher
62:13 Hand Cart
67:31 Husbandry
67:39 Town Watch
70:09 Cavalier
74:10 Squires
75:20 Halberdier
77:17 Capped Ram
78:17 Forging
78:48 Chain Barding Armor
Sinister Yankee
5:51 Loom
5:59 Loom
11:46 Feudal Age
12:25 Double-Bit Axe
15:59 Fletching
17:21 Padded Archer Armor
20:04 Man-at-Arms
20:31 Arson
21:15 Horse Collar
22:25 Forging
22:16 Scale Mail Armor
25:50 Castle Age
24:58 Town Watch
26:44 Bow Saw
27:10 Crossbowman
32:09 Gold Mining
32:09 Stone Mining
33:04 Pikeman
34:51 Ballistics
34:23 Guard Tower
35:33 Bodkin Arrow
36:40 Leather Archer Armor
37:14 Squires
40:18 Iron Casting
39:49 Scale Barding Armor
41:54 Gambesons
44:42 Wheelbarrow
45:07 Heavy Plow
50:04 Imperial Age
48:56 Hand Cart
49:01 Chain Mail Armor
49:23 Bloodlines
50:21 Chain Barding Armor
49:40 Long Swordsman
50:26 Cavalier
52:22 Two-Man Saw
52:43 Stone Shaft Mining
52:11 Arrowslits
53:20 Conscription
54:03 Town Patrol
55:01 Hoardings
56:15 Fortified Wall
59:45 Paladin
61:01 Elite Skirmisher
63:46 Capped Ram
64:50 Crenellations
68:19 Ironclad
70:32 Crop Rotation
70:34 Ring Archer Armor
70:40 Plate Barding Armor
73:54 Onager
76:21 Siege Onager
lSLIPPYl
5:53 Loom
11:10 Feudal Age
12:29 Wheelbarrow
16:29 Double-Bit Axe
19:39 Castle Age
18:35 Stone Mining
20:57 Padded Archer Armor
20:49 Fletching
25:18 Gold Mining
25:46 Pikeman
34:46 Hand Cart
35:50 Leather Archer Armor
36:45 Scale Mail Armor
43:39 Bloodlines
44:11 Thumb Ring
46:59 Husbandry
57:16 Imperial Age
60:43 Cavalier
65:48 Capped Ram
68:14 Elite Rattan Archer
72:28 Halberdier
73:40 Light Cavalry
Connection lost

Rejoining the realm…

Still unreachable

The connection could not be restored.

Session expired

The server has moved on; the page needs a fresh start.